TOP OF THE 1ST |
---|
Houston Marshals batting - Pitching for Austin River Sharks : RHP José Pérez | Pitching: RHP José Pérez | | Batting: RHB Javier Rentería | 0-0: Foul Ball, location: 2F 0-1: Ball 1-1: Ball 2-1: Ground out 5-3 (Groundball, 5S) | Batting: RHB Gilberto López | 0-0: Called Strike 0-1: Ball 1-1: Ball 2-1: Ground out 6-3 (Groundball, 6) | Batting: RHB Chris Parker | 0-0: Swinging Strike 0-1: Foul Ball, location: 2F 0-2: Strikes out swinging | Top of the 1st over - 0 runs, 0 hits, 0 errors, 0 left on base; Houston 0 - Austin 0 | BOTTOM OF THE 1ST |
---|
Austin River Sharks batting - Pitching for Houston Marshals : RHP John Harvey | Pitching: RHP John Harvey | | Batting: LHB Enrico Vargas | 0-0: Ball 1-0: Swinging Strike 1-1: Ground out 4-3 (Groundball, 4MD) | Batting: RHB Richard Coker | 0-0: Foul Ball, location: 2F 0-1: Ball 1-1: Ball 2-1: Swinging Strike 2-2: Ground out 2-3 (Groundball, 13S) | Batting: LHB Greg Nelson | 0-0: Ball 1-0: Called Strike 1-1: Ball 2-1: Called Strike 2-2: Strikes out swinging | Bottom of the 1st over - 0 runs, 0 hits, 0 errors, 0 left on base; Houston 0 - Austin 0 | TOP OF THE 2ND |
---|
Houston Marshals batting - Pitching for Austin River Sharks : RHP José Pérez | Batting: LHB Matt Smith | 0-0: Ball 1-0: DOUBLE (Flyball, 78D) | Batting: LHB Lewis Barr | 0-0: Ground out 3-1 (Groundball, 34S) Matt Smith to third | Batting: RHB Esteban Lara | 0-0: Ball 1-0: Called Strike 1-1: Foul Ball, location: 2F 1-2: Strikes out swinging | Batting: RHB Jim Tracy | 0-0: Ball 1-0: Ball 2-0: Foul Ball, location: 2F 2-1: Ball 3-1: Ground out 3-1 (Groundball, 34) | Top of the 2nd over - 0 runs, 1 hit, 0 errors, 1 left on base; Houston 0 - Austin 0 | BOTTOM OF THE 2ND |
---|
Austin River Sharks batting - Pitching for Houston Marshals : RHP John Harvey | Batting: RHB Tony Cruz | 0-0: Ball 1-0: Ball 2-0: Fly out, F8 (Line Drive, 8RD) | Batting: RHB Pedro Guzmán | 0-0: Ground out 1-3 (Groundball, 13S) | Batting: RHB Júlio Figueroa | 0-0: Ball 1-0: Swinging Strike 1-1: Called Strike 1-2: Strikes out swinging | Bottom of the 2nd over - 0 runs, 0 hits, 0 errors, 0 left on base; Houston 0 - Austin 0 | TOP OF THE 3RD |
---|
Houston Marshals batting - Pitching for Austin River Sharks : RHP José Pérez | Batting: RHB Tony Reyes | 0-0: Ground out 6-3 (Groundball, 6) | Batting: RHB Michael Thomas | 0-0: Ball 1-0: Ball 2-0: Ball 3-0: Base on Balls | Batting: RHB Javier Rentería | 0-0: Ball 1-0: Ball 2-0: Ball 3-0: Called Strike 3-1: Fielders Choice at 2nd, 1-4 (Groundball, 15S) | Batting: RHB Gilberto López | 0-0: Ball 1-0: Called Strike 1-1: Fielders Choice at 2nd, 5-4 (Groundball, 56) | Top of the 3rd over - 0 runs, 0 hits, 0 errors, 1 left on base; Houston 0 - Austin 0 | BOTTOM OF THE 3RD |
---|
Austin River Sharks batting - Pitching for Houston Marshals : RHP John Harvey | Batting: LHB Harry Pitts | 0-0: Ball 1-0: Ball 2-0: Swinging Strike 2-1: Foul Ball, location: 2F 2-2: Ball 3-2: Strikes out swinging | Batting: RHB Paul Swift | 0-0: Ball 1-0: Ball 2-0: Ball 3-0: Foul Ball, location: 2F 3-1: Swinging Strike 3-2: Strikes out looking | Batting: LHB José Liñares | 0-0: Called Strike 0-1: Ground out 4-3 (Groundball, 4) | Bottom of the 3rd over - 0 runs, 0 hits, 0 errors, 0 left on base; Houston 0 - Austin 0 | TOP OF THE 4TH |
---|
Houston Marshals batting - Pitching for Austin River Sharks : RHP José Pérez | Batting: RHB Chris Parker | 0-0: Ball 1-0: Fly out, F9 (Flyball, 89S) | Batting: LHB Matt Smith | 0-0: Called Strike 0-1: Ball 1-1: Ball 2-1: Ground out 4-3 (Groundball, 34) | Batting: LHB Lewis Barr | 0-0: SINGLE (Flyball, 78S) | Batting: RHB Esteban Lara | 0-0: SINGLE (Flyball, 8RS) Lewis Barr to second Runner from 2nd tries for 3rd, SAFE, throw made to third | Batting: RHB Jim Tracy | 0-0: Ball 1-0: 3-RUN HOME RUN (Flyball, 78XD), Distance : 409 ft | Batting: RHB Tony Reyes | 0-0: Called Strike 0-1: Foul Ball, location: 2F 0-2: Ball 1-2: Strikes out swinging | Top of the 4th over - 3 runs, 3 hits, 0 errors, 0 left on base; Houston 3 - Austin 0 | BOTTOM OF THE 4TH |
---|
Austin River Sharks batting - Pitching for Houston Marshals : RHP John Harvey | Batting: LHB Enrico Vargas | 0-0: Called Strike 0-1: Ground out 4-3 (Groundball, 34D) | Batting: RHB Richard Coker | 0-0: SOLO HOME RUN (Flyball, 78D), Distance : 395 ft | Batting: LHB Greg Nelson | 0-0: Ball 1-0: Swinging Strike 1-1: Fly out, F6 (Popup, 6MD) | Batting: RHB Tony Cruz | 0-0: Called Strike 0-1: Ground out 4-3 (Groundball, 4) | Bottom of the 4th over - 1 run, 1 hit, 0 errors, 0 left on base; Houston 3 - Austin 1 | TOP OF THE 5TH |
---|
Houston Marshals batting - Pitching for Austin River Sharks : RHP José Pérez | Batting: RHB Michael Thomas | 0-0: Fly out, F4 (Line Drive, 4M) | Batting: RHB Javier Rentería | 0-0: Foul Ball, location: 2F 0-1: Called Strike 0-2: Hit by Pitch | Batting: RHB Gilberto López | 0-0: Ball 1-0: Swinging Strike 1-1: Ball 2-1: SINGLE (Line Drive, 4D) Javier Rentería to second | Batting: RHB Chris Parker | 0-0: Ball 1-0: Fly out, F9 (Flyball, 89S) | Batting: LHB Matt Smith | 0-0: Fielders Choice at 2nd, 6-4 (Groundball, 6) | Top of the 5th over - 0 runs, 1 hit, 0 errors, 2 left on base; Houston 3 - Austin 1 | BOTTOM OF THE 5TH |
---|
Austin River Sharks batting - Pitching for Houston Marshals : RHP John Harvey | Batting: RHB Pedro Guzmán | 0-0: Swinging Strike 0-1: Swinging Strike 0-2: Ball 1-2: Ball 2-2: Ball 3-2: SINGLE (Groundball, 6MD) | Batting: RHB Júlio Figueroa | 0-0: SINGLE (Line Drive, 6D) Pedro Guzmán to second | Batting: LHB Harry Pitts | 0-0: Foul Ball, location: 2F 0-1: Ball 1-1: Ball 2-1: Swinging Strike 2-2: Foul Ball, location: 2F 2-2: Ball 3-2: SINGLE (Flyball, 89M) Pedro Guzmán to third Júlio Figueroa to second Pedro Guzmán scores Júlio Figueroa to third | Batting: RHB Paul Swift | 0-0: SINGLE (Flyball, 7S) Júlio Figueroa scores Harry Pitts to second | Batting: LHB José Liñares | 0-0: Ball 1-0: Ball 2-0: Ball 3-0: Called Strike 3-1: Called Strike 3-2: Base on Balls Harry Pitts to third Paul Swift to second | Batting: LHB Enrico Vargas | 0-0: Ball Wild Pitch! Harry Pitts scores Paul Swift to third José Liñares to second 1-0: Ball 2-0: Ball 3-0: Base on Balls | Pitching: RHP Ron Scott | | Batting: RHB Richard Coker | 0-0: Called Strike 0-1: Fly out, F3 (Line Drive, 3L) | Batting: LHB Greg Nelson | 0-0: Ball 1-0: Ball 2-0: Ball 3-0: Called Strike 3-1: Grounds into double play, 6-4-3 (Groundball, 6) | Bottom of the 5th over - 3 runs, 4 hits, 0 errors, 2 left on base; Houston 3 - Austin 4 | TOP OF THE 6TH |
---|
Houston Marshals batting - Pitching for Austin River Sharks : RHP José Pérez | Batting: LHB Lewis Barr | 0-0: Called Strike 0-1: Foul Ball, location: 2F 0-2: Strikes out swinging | Batting: RHB Esteban Lara | 0-0: Called Strike 0-1: Called Strike 0-2: Ball 1-2: Strikes out swinging | Batting: RHB Jim Tracy | 0-0: Called Strike 0-1: SINGLE (Line Drive, 6MD) | Batting: RHB Tony Reyes | 0-0: Ball 1-0: Called Strike 1-1: Swinging Strike 1-2: Foul Ball, location: 2F 1-2: Strikes out looking | Top of the 6th over - 0 runs, 1 hit, 0 errors, 1 left on base; Houston 3 - Austin 4 | BOTTOM OF THE 6TH |
---|
Austin River Sharks batting - Pitching for Houston Marshals : RHP Ron Scott | Batting: RHB Tony Cruz | 0-0: Ball 1-0: Ball 2-0: Ground out 5-3 (Groundball, 56) | Batting: RHB Pedro Guzmán | 0-0: Foul Ball, location: 2F 0-1: Ball 1-1: Ball 2-1: Fly out, F7 (Flyball, 7S) | Batting: RHB Júlio Figueroa | 0-0: Ball 1-0: SINGLE (Groundball, 6D) | Batting: LHB Harry Pitts | 0-0: Foul Ball, location: 2F 0-1: Called Strike 0-2: Ball 1-2: Foul Ball, location: 2F 1-2: Fly out, F9 (Flyball, 89S) | Bottom of the 6th over - 0 runs, 1 hit, 0 errors, 1 left on base; Houston 3 - Austin 4 | TOP OF THE 7TH |
---|
Houston Marshals batting - Pitching for Austin River Sharks : RHP José Pérez | Batting: RHB Michael Thomas | 0-0: Called Strike 0-1: Ground out 5-3 (Groundball, 56) | Batting: RHB Javier Rentería | 0-0: Foul Ball, location: 2F 0-1: Ball 1-1: Called Strike 1-2: Ground out 5-3 (Groundball, 56) | Batting: RHB Gilberto López | 0-0: Ball 1-0: Ball 2-0: Called Strike 2-1: Foul Ball, location: 2F 2-2: Fly out, F3 (Popup, 3F) | Top of the 7th over - 0 runs, 0 hits, 0 errors, 0 left on base; Houston 3 - Austin 4 | BOTTOM OF THE 7TH |
---|
Austin River Sharks batting - Pitching for Houston Marshals : RHP Ron Scott | Batting: RHB Paul Swift | 0-0: Swinging Strike 0-1: SINGLE (Line Drive, 89S) | Pitching: LHP Edgardo Guzmán | | Batting: LHB José Liñares | 0-0: Sac Bunt - play at second, runner OUT! 1-6 | Batting: LHB Enrico Vargas | 0-0: Ball 1-0: Ball 2-0: Called Strike 2-1: Ball 3-1: Base on Balls José Liñares to second | Pitching: RHP Jim Fitzgerald | | Batting: RHB Richard Coker | 0-0: SINGLE (Flyball, 9S) José Liñares to third Enrico Vargas to second Runner from 3rd tries for Home, SAFE, throw made home | Batting: LHB Greg Nelson | 0-0: Ball 1-0: Called Strike 1-1: Called Strike 1-2: Strikes out swinging | Batting: RHB Tony Cruz | 0-0: Foul Ball, location: 2F 0-1: Foul Ball, location: 2F 0-2: Fielders Choice at 2nd, 5-4 (Groundball, 56) | Bottom of the 7th over - 1 run, 2 hits, 0 errors, 2 left on base; Houston 3 - Austin 5 | TOP OF THE 8TH |
---|
Houston Marshals batting - Pitching for Austin River Sharks : RHP José Pérez | Batting: RHB Chris Parker | 0-0: Ball 1-0: Ball 2-0: Called Strike 2-1: DOUBLE (Line Drive, 7LS) | Batting: LHB Matt Smith | 0-0: Ball 1-0: Called Strike 1-1: Ground out 6-3 (Groundball, 6) | Batting: LHB Lewis Barr | 0-0: Ball 1-0: Called Strike 1-1: SINGLE (Line Drive, 8LS) Chris Parker to third Runner from 3rd tries for Home, SAFE, no throw | Pinch Runner at 1st Guy Moss: | | Batting: RHB Esteban Lara | 0-0: Ball 1-0: Swinging Strike 1-1: Ball Guy Moss is caught stealing 2nd base 2-1: Foul Ball, location: 2F 2-2: Ground out 6-3 (Groundball, 6S) | Top of the 8th over - 1 run, 2 hits, 0 errors, 0 left on base; Houston 4 - Austin 5 | BOTTOM OF THE 8TH |
---|
Austin River Sharks batting - Pitching for Houston Marshals : RHP Jim Fitzgerald | Now in CF: Guy Moss | | Batting: RHB Pedro Guzmán | 0-0: Fly out, F9 (Flyball, 9LSF) | Batting: RHB Júlio Figueroa | 0-0: Called Strike 0-1: SINGLE (Groundball, 4MD) | Batting: LHB Harry Pitts | 0-0: Called Strike 0-1: Ball 1-1: Foul Ball, location: 2F 1-2: Grounds into double play, 4-6-3 (Groundball, 4) | Bottom of the 8th over - 0 runs, 1 hit, 0 errors, 0 left on base; Houston 4 - Austin 5 | TOP OF THE 9TH |
---|
Houston Marshals batting - Pitching for Austin River Sharks : RHP José Pérez | Pitching: RHP Paco Gutiérrez | | Now at 1B: Dan Wyatt | | Batting: RHB Jim Tracy | 0-0: Foul Ball, location: 2F 0-1: Ground out 4-3 (Groundball, 4) | Pinch Hitting: SHB Ramón Lugo | 0-0: Ball 1-0: Foul Ball, location: 2F 1-1: Ball 2-1: Ball 3-1: Foul Ball, location: 2F 3-2: Base on Balls | Batting: RHB Michael Thomas | 0-0: Ball 1-0: Foul Ball, location: 2F 1-1: Ball 2-1: Ball 3-1: Swinging Strike 3-2: Ground out 5-3 (Groundball, 56) Ramón Lugo to second | Batting: RHB Javier Rentería | 0-0: Called Strike 0-1: Called Strike 0-2: Strikes out looking | Top of the 9th over - 0 runs, 0 hits, 0 errors, 1 left on base; Houston 4 - Austin 5 | |